 Dungeon Crawl Stone Soup version 0.32-a0-872-g59262bdc9b (webtiles) character file.

Game seed: 17064353656831219823

9 601d51SH the Sneak (level 2, -3/24 HPs)
             Began as a Human Delver on Mar 30, 2024.
             Slain by a water moccasin (7 damage)
             ... on level 4 of the Dungeon.
             The game lasted 00:00:52 (229 turns).

601d51SH the Sneak (Human Delver)                    Turns: 229, Time: 00:00:53

Health: -3/24      AC:  3    Str: 12    XL:     2   Next: 12%
Magic:  2/2        EV: 11    Int: 10    God:
Gold:   10         SH:  0    Dex: 14    Spells: 1/1 levels left

rFire   . . .        a - +0 falchion
rCold   . . .        (no shield)
rNeg    . . .        b - +0 leather armour
rPois   .            (no helmet)
rElec   .            (no cloak)
rCorr   .            (no gloves)
SInv    .            (no boots)
Will    .....        (no amulet)
Stlth   +++          (no ring)
HPRegen 0.24/turn    (no ring)
MPRegen 0.08/turn

%: no passive effects
@: lethally poisoned (-3 -> -7)
A: explore regen
a: no special abilities


You were on level 4 of the Dungeon.
You visited 1 branch of the dungeon, and saw 2 of its levels.

You collected 10 gold pieces.

Inventory:

Hand Weapons
 a - a +0 falchion (weapon)
Armour
 b - a +0 leather armour (worn)
Wands
 g - a wand of digging (3)
Scrolls
 c - a scroll of fog
 d - a scroll of revelation
 e - a scroll of fear
Potions
 f - a potion of haste


   Skills:
 + Level 3.1 Fighting
 + Level 2.0 Long Blades
 + Level 2.0 Dodging
 + Level 5.3 Stealth


You had one spell level left.
You didn't know any spells.
Your spell library was empty.

Dungeon Overview and Level Annotations

Branches:
Dungeon (5/15)
 Temple: D:4-7

Altars:
Fedhas


Innate Abilities, Weirdness & Mutations

You regain HP and MP as you explore.


Message History

You start resting.
HP restored.
Found an orange potion.
A gnoll comes into view. It is wielding a +0 halberd.
An orc comes into view. It is wielding a +0 flail.
An orc comes into view. It is wielding a +0 club.
The orc shouts! x2; You hear a shout!
You hear an angry hiss.
Found a scroll labelled IRIRONAKAQE.
The orc attacks as it pursues you! The orc hits you with a +0 flail.
A water moccasin comes into view.
An adder comes into view.
The orc attacks as it pursues you! The orc misses you.
The orc attacks as it pursues you! The orc hits you but does no damage.
Found a stone staircase leading up.
The orc hits you with a +0 flail.
A phantom comes into view.
Found a glowing silvery potion and a grey potion.
The water moccasin bites you.
You are lethally poisoned!
The water moccasin poisons you!
There is a stone staircase leading up here.
You feel very sick. The water moccasin closely misses you.
The adder closely misses you.
You climb upwards.
You hear the hiss of flowing sand.
There is an entrance to an ossuary on this level.
Hurry and find it before the portal is buried!
You feel very sick.
Found a blossoming altar of Fedhas.
Found a stone staircase leading up.
There is a stone staircase leading down here.
Sorry, you're not good enough to have a special ability.
You feel very sick. The water moccasin bites you!
* * * LOW HITPOINT WARNING * * *
* * * LOW HITPOINT WARNING * * *
You feel sick.
* * * LOW HITPOINT WARNING * * *
You feel sick.
The kobold shouts!
The water moccasin hisses angrily.
* * * LOW HITPOINT WARNING * * *
You feel sick. The water moccasin bites you!
You die...

..P.P....# ...
#.._..##.##..#
#.P.P.......#
#...S..K....#
#####..........#
...............#
...............#
#..>..S@.<.#
#######...##
#####


You could see 2 water moccasins and a kobold.

Vanquished Creatures
  An adder (D:5)
1 creature vanquished.

Notes
Turn   | Place    | Note
-------+----------+-------------------------------------------
     0 | D:5      | 601d51SH the Human Delver began the quest for the Orb.
     0 | D:5      | Reached XP level 1. HP: 18/18 MP: 1/1
    49 | D:5      | Noticed a water moccasin
   105 | D:5      | Reached XP level 2. HP: 7/24 MP: 2/2
   212 | D:5      | Noticed a water moccasin
   221 | D:5      | Noticed a phantom
   225 | D:4      | Noticed a water moccasin
   225 | D:4      | Found a blossoming altar of Fedhas.
   229 | D:4      | Slain by a water moccasin

Illustrated notes

Levels and vault maps discovered:
D:4:      layout_rooms, fedhas_altar_1, mainiacjoe_overflow_swirl,
          enter_ossuary_1, abandoned_shop, uniq_robin
D:5:      layout_basic, ebering_ghost_sewer_d

Action                     || total
---------------------------++-------
  Melee: Falchion          ||     6
 Armour: Leather armour    ||    14
  Dodge: Dodged            ||    10

Table legend: (Time is in decaauts)
 A = Elapsed time spent in this place.
 B = Non-inter-level travel time spent in this place.
 C = Inter-level travel time spent in this place.
 D = Time resting spent in this place.
 E = Time spent auto-exploring this place.
 F = Levels seen in this place.
 G = Mean time per level.
                   A        B        C        D        E       F      G
               +--------+--------+--------+--------+--------+-----+--------+
         Total |    230 |    230 |      0 |     68 |      0 |   2 |  115.0 |
       Dungeon |    230 |    230 |      0 |     68 |      0 |   2 |  115.0 |
               +--------+--------+--------+--------+--------+-----+--------+

Top non-repeatable levels by time:
     D:5: 226 daAuts
     D:4: 3 daAuts
